 Dungeon Crawl Stone Soup version 0.25-a0-474-ga8a2ee3166 (webtiles) character file.

Game seed: 17017344417831053163, levelgen mode: deterministic

1650 sking99 the Grappler (level 8, -9/70 HPs)
             Began as a Black Draconian Transmuter on Feb 6, 2020.
             Was a Believer of Okawaru.
             Killed from afar by Harold (11 damage)
             ... with a harpoon shot
             ... on level 7 of the Dungeon.
             The game lasted 00:18:27 (9783 turns).

sking99 the Grappler (Black Draconian Transmuter)   Turns: 9783, Time: 00:18:28

Health: -9/70      AC:  6    Str: 15    XL:     8   Next: 67%
Magic:  11/11      EV: 15    Int: 13    God:    Okawaru [**....]
Gold:   397        SH:  0    Dex: 12    Spells: 8/11 levels left

rFire    + . .     SeeInvis .     - Unarmed
rCold    . . .     Gourm    +   (no shield)
rNeg     . . .     Faith    .   (armour unavailable)
rPois    .         Spirit   .   (helmet restricted)
rElec    +         Reflect  .   (no cloak)
rCorr    .         Harm     .   (no gloves)
MR       .....                  (no boots)
Stlth    +.........             k - amulet of the gourmand
HPRegen  0.21/turn              o - +3 ring of evasion
MPRegen  0.12/turn              F - ring of protection from fire

@: short of breath
A: breathe lightning, unfitting armour, electricity resistance, cold-blooded, AC
+6
a: Breathe Lightning, Heroism, Renounce Religion


You were on level 7 of the Dungeon.
You worshipped Okawaru.
Okawaru was pleased with you.
You were not hungry.

You visited 1 branch of the dungeon, and saw 7 of its levels.
You also visited: Ossuary.

You collected 397 gold pieces.

Inventory:

Missiles
 a - 40 arrows
 b - 31 poisoned darts (quivered)
 m - a throwing net
Magical Staves
 v - an uncursed staff of cold
 y - an uncursed staff of power
Jewellery
 k - an amulet of the gourmand (around neck)
 o - a +3 ring of evasion (left hand)
 F - a ring of protection from fire (right hand)
Wands
 j - a wand of digging (9)
 r - a wand of random effects (28)
 x - a wand of polymorph (10)
Scrolls
 d - a scroll of magic mapping
 e - a scroll of random uselessness {unknown}
 f - a scroll of enchant armour
 h - 2 scrolls of immolation
 i - 3 scrolls of remove curse
 n - 3 scrolls of fear
 q - a scroll of fog {unknown}
 w - 2 scrolls of identify
 C - a scroll of blinking {unknown}
 E - a scroll of amnesia {unknown}
Potions
 g - 4 potions of cancellation
 l - 2 potions of curing
 p - 2 potions of haste
 s - a potion of flight
 t - 2 potions of mutation {unknown}
 u - 2 potions of degeneration
 z - 2 potions of berserk rage {unknown}
 A - a potion of brilliance {unknown}
 B - 3 potions of heal wounds {unknown}
 D - a potion of resistance {unknown}
Comestibles
 c - 7 rations


   Skills:
 + Level 6.1 Fighting
 - Level 1.7 Dodging
 * Level 8.5 Unarmed Combat
 - Level 2.0 Spellcasting
 - Level 4.0 Transmutations
 - Level 4.0 Invocations


You had 8 spell levels left.
You knew the following spells:

 Your Spells              Type           Power        Failure   Level  Hunger
a - Beastly Appendage     Tmut           ##....       4%          1    ##.....
b - Sticks to Snakes      Tmut           ##......     8%          2    ###....

Your spell library contained the following spells:

 Spells                   Type           Power        Failure   Level  Hunger
 Summon Small Mammal      Summ           #...         26%         1    ##.....
 Spider Form              Tmut/Pois      #.........   32%         3    ####...
 Call Imp                 Summ           #.......     36%         2    ###....
 Call Canine Familiar     Summ           #.......     58%         3    ####...
 Recall                   Summ/Tloc      N/A          58%         3    ####...
 Summon Guardian Golem    Hex/Summ       #.......     58%         3    ####...
 Ice Form                 Ice/Tmut       #.......     73%         4    #####..
 Blade Hands              Tmut           ##........   80%         5    ######.
 Summon Ice Beast         Ice/Summ       #.......     94%         4    #####..
 Summon Lightning Spire   Summ/Air       #.......     94%         4    #####..
 Aura of Abjuration       Summ           #.........   100%        5    ######.
 Summon Demon             Summ           #.........   100%        5    ######.
 Summon Forest            Summ/Tloc      #.........   100%        5    ######.
 Summon Mana Viper        Hex/Summ       #.......     100%        5    ######.
 Shadow Creatures         Summ           N/A          100%        6    #######


Dungeon Overview and Level Annotations

Branches:
Dungeon (7/15)             Temple (0/1) D:4         Ossuary (visited)

Altars:
Okawaru

Annotations:
D:4 4 runed translucent doors
D:7 Harold


Innate Abilities, Weirdness & Mutations

You can breathe wild blasts of lightning.
Your glossy black scales are hard. (AC +6)
You cannot fit into any form of body armour.
You are resistant to electric shocks. (rElec)
You are cold-blooded and may be slowed by cold attacks.


Message History

You struggle against the net.
The orc wizard gestures wildly while chanting.
The orc wizard flickers and vanishes!
Deactivating autopickup; reactivate with Ctrl-A.
The orc warrior closely misses you.
You tear a large gash into the net.
The orc wizard casts a spell.
The orc wizard flickers and vanishes!
Harold hits you from afar with a +0 glaive.
You shred the net and break free! The orc warrior barely misses you.
Harold hits you from afar with a +0 glaive!!
* * * LOW HITPOINT WARNING * * *
The orc priest miscasts a cantrip.
The orc warrior hits you with a +0 war axe of freezing!
* * * LOW HITPOINT WARNING * * *
The orc warrior freezes you.
* * * LOW HITPOINT WARNING * * *
Harold fires a harpoon shot at you. The harpoon shot hits you!
You die...

#.#.# o# ...#
.# # #.###o#
...
###o(o#.#....?
#.oo#.(.o.....
#.#####.o.....
####{# .......
##o@o{#
..c....
#@.####
#...... #.##
#%.@.. #.#
..... #.#
..... #.. ###


You could see Harold, an orc warrior and an orc priest.

Vanquished Creatures
  Eustachio (D:6)
  An orc warrior (D:6)
  2 water moccasin zombies (Ossuary)
  A scorpion (D:6)
  3 crimson imps
  2 jellies
  2 hounds (D:4)
  3 orc priests
  4 iguanas
  An orc wizard (D:6)
  4 worker ants
  A killer bee zombie (D:6)
  3 big kobold zombies (Ossuary)
  2 mummies (Ossuary)
  Robin (D:3)
  6 gnolls
  11 adders
  A shadow imp (D:4)
  An ooze (D:2)
  4 adder zombies
  4 worms
  A dart slug (D:3)
  5 leopard geckos
  24 orcs
  6 giant cockroaches
  A gnoll zombie (Ossuary)
  22 goblins
  9 hobgoblins
  11 jackals
  5 kobolds
  2 quokkas (D:2)
  3 ball pythons
  8 bats
  6 frilled lizards
  3 hobgoblin zombies (Ossuary)
  A jackal skeleton (D:5)
  3 kobold zombies (Ossuary)
  2 leopard gecko skeletons
  A leopard gecko zombie (D:4)
  5 orc zombies (Ossuary)
  A quokka zombie (D:6)
  5 rats
182 creatures vanquished.

Vanquished Creatures (collateral kills)
  2 ogres (D:4)
  A crocodile (D:4)
  Blork the orc (D:4)
  2 gnolls (D:2)
  An adder (D:2)
7 creatures vanquished.

Grand Total: 189 creatures vanquished

Notes
Turn   | Place    | Note
-------+----------+-------------------------------------------
     0 | D:1      | sking99 the Draconian Transmuter began the quest for the
                  | Orb.
     0 | D:1      | Reached XP level 1. HP: 16/16 MP: 3/3
   254 | D:1      | Reached XP level 2. HP: 13/23 MP: 5/5
   908 | D:1      | Learned a level 2 spell: Sticks to Snakes
   915 | D:2      | Found an iron altar of Okawaru.
   944 | D:2      | Became a worshipper of Warmaster Okawaru
  1165 | D:2      | Reached XP level 3. HP: 9/29 MP: 3/6
  1789 | D:2      | Reached skill level 4 in Unarmed Combat
  1883 | D:2      | Reached skill level 1 in Invocations
  1885 | D:2      | Reached XP level 4. HP: 29/36 MP: 2/7
  3213 | D:3      | Reached XP level 5. HP: 42/42 MP: 8/8
  3407 | D:3      | Noticed Robin
  4038 | D:3      | Killed Robin
  4470 | D:4      | Noticed an ogre
  4500 | D:4      | Killed an ogre
  4500 | D:4      | Reached * piety under Okawaru
  4500 | D:4      | Reached skill level 5 in Unarmed Combat
  4500 | D:4      | Reached XP level 6. HP: 51/51 MP: 1/9
  4639 | D:4      | Noticed Blork the orc
  4647 | D:4      | Killed Blork the orc
  5061 | D:4      | Found a large runed translucent door.
  5064 | D:4      | Found a large runed translucent door.
  5067 | D:4      | Noticed a gargoyle
  5346 | D:4      | HP: 2/51 [crocodile (6)]
  5687 | D:4      | Found a staircase to the Ecumenical Temple.
  5713 | D:4      | Found a large runed translucent door.
  5713 | D:4      | Found a large runed translucent door.
  5769 | D:4      | Your scales start taking on a glossy black colour.
  5769 | D:4      | Reached XP level 7. HP: 56/58 MP: 10/10
  5769 | D:4      | Gained mutation: You are resistant to electric shocks.
                  | (rElec) [Black Draconian growth]
  6454 | D:5      | Entered Level 5 of the Dungeon
  6459 | D:5      | Reached skill level 6 in Unarmed Combat
  7438 | D:5      | Reached ** piety under Okawaru
  7602 | D:6      | Noticed Eustachio
  7792 | D:6      | Killed Eustachio
  7792 | D:6      | Reached skill level 7 in Unarmed Combat
  7792 | D:6      | Reached XP level 8. HP: 56/67 MP: 8/11
  7830 | D:6      | Found a sand-covered staircase.
  7834 | Ossuary  | Entered an ossuary
  8022 | Ossuary  | Reached skill level 5 in Fighting
  8590 | D:6      | Reached skill level 8 in Unarmed Combat
  9660 | D:7      | Noticed Harold
  9783 | D:7      | HP: 2/70 [orc warrior/+0 war axe of freezing (2)]
  9783 | D:7      | Killed from afar by Harold

Levels and vault maps discovered:
D:1:      minmay_arrival_diagonal_passages, layout_basic
D:2:      layout_basic, lemuel_doored_altar, serial_curves, eino_curves_03,
          eino_curves_01, eino_curves_03, eino_tiny_chamber,
          minmay_increasing_density
D:3:      layout_basic, st_stairs_6, uniq_robin
D:4:      layout_loops_corners, minmay_temple_entry_mist, first_ration,
          minmay_hollow_rounded_squares, uniq_blork_the_orc
D:5:      layout_rooms
D:6:      layout_cave_pools, enter_ossuary_5, uniq_eustachio
D:7:      layout_rooms, basic_altar, uniq_harold, uniq_joseph, uniq_menkaure

Skill      XL: |  1  2  3  4  5  6  7  8 |
---------------+-------------------------+-----
Fighting       | 2 3 4 6 |  6.1
Unarmed Combat | 4 5 7 8 |  8.5
Invocations    | 1 2 3 4 |  4.0
Transmutations | 3 4 |  4.0
Dodging        | |  1.7
Spellcasting   | |  2.0

Action                   |  1- 3 |  4- 6 |  7- 9 || total
-------------------------+-------+-------+-------++-------
Melee: Unarmed           |   100 |   293 |   392 ||   785
       Tailslap          |     8 |    38 |    52 ||    98
       Punch             |     2 |     4 |    11 ||    17
       Kick              |       |       |     5 ||     5
       Headbutt          |       |       |     1 ||     1
 Cast: Sticks to Snakes  |     3 |    10 |       ||    13
       Beastly Appendage |       |       |     2 ||     2
Invok: Heroism           |       |       |     5 ||     5
 Abil: Breathe Lightning |       |       |     3 ||     3
  Use: Scroll            |       |       |    16 ||    16
       Potion            |       |       |     1 ||     1
 Stab: Distracted        |     2 |     1 |       ||     3
       Sleeping          |       |     1 |       ||     1
  Eat: Chunk             |     1 |    10 |    17 ||    28
       Ration            |     1 |     1 |     1 ||     3
Armor: Skin              |    17 |    80 |    91 ||   188
Dodge: Dodged            |    60 |   147 |   252 ||   459

Table legend:
 A = Non-vault XP
 B = Vault XP
 C = Vault XP percentage of total XP
 D = Non-vault monster count
 E = Vault monster count
 F = Vault count percentage of total count
                 A         B        C        D         E       F
            +---------+---------+-------+---------+---------+-------
      Total |    1520 |     838 |  35.5 |     138 |      50 |  26.6
            +---------+---------+-------+---------+---------+-------
        D:1 |      25 |       0 |   0.0 |      16 |       0 |   0.0
        D:2 |     128 |      41 |  24.3 |      23 |       9 |  28.1
        D:3 |      85 |      36 |  29.8 |      36 |      13 |  26.5
        D:4 |     306 |     258 |  45.7 |      15 |       6 |  28.6
        D:5 |     419 |       0 |   0.0 |      26 |       0 |   0.0
        D:6 |     515 |     202 |  28.2 |      21 |       1 |   4.5
        D:7 |      42 |       0 |   0.0 |       1 |       0 |   0.0
    Ossuary |       0 |     301 | 100.0 |       0 |      21 | 100.0
            +---------+---------+-------+---------+---------+-------
